 Dungeon Crawl Stone Soup version 0.31-a0-431-g88bdf31460 (webtiles) character file.

Game seed: 3078271125433690799

1887 CraigForest the Grappler (level 8, -2/53 HPs)
             Began as a Vampire Shapeshifter on Aug 1, 2023.
             Was a Believer of Dithmenos.
             Slain by a vampire mosquito (10 damage)
             ... on level 6 of the Dungeon.
             The game lasted 00:21:19 (5957 turns).

CraigForest the Grappler (Vampire Shapeshifter)     Turns: 5957, Time: 00:21:20

Health: -2/53      AC:  8    Str: 16    XL:     8   Next: 92%
Magic:  8/8        EV: 14    Int: 17    God:    Dithmenos [**....]
Gold:   372        SH:  4    Dex: 14    Spells: 7/7 levels left

rFire   x .          .
                       - Unarmed
rCold   . . .        (no shield)
rNeg    . . .        a - +2 animal skin
rPois   .            (helmet currently unavailable)
rElec   .            (cloak currently unavailable)
rCorr   .            (gloves currently unavailable)
SInv    +            (boots currently unavailable)
Will    .....        (no amulet)
Stlth   ++++         g - +4 ring of protection
HPRegen 0.48/turn    i - +6 ring of intelligence
MPRegen 0.11/turn

%: no passive effects
@: mighty, beast-form, healing quickly, wreathed by umbra
A: beast (slay +4), alive, fangs 3, see invisible, vampiric 2, large bone plates
1, heat vulnerability 1
a: Exsanguinate, Begin Untransformation, Renounce Religion, Shadow Step


You were on level 6 of the Dungeon.
You worshipped Dithmenos.
Dithmenos was pleased with you.
You were a hulking beast.
You visited 2 branches of the dungeon, and saw 7 of its levels.

You collected 372 gold pieces.

Inventory:

Hand Weapons
 p - a +0 morningstar
 v - the +2 flail of the Pit {freeze, rN+}
   (You found it on level 5 of the Dungeon)

   rN:        It protects you from negative energy.
 A - a +4 dire flail
 B - a +4 dagger
Missiles
 s - 3 poisoned darts
 D - 4 javelins
Armour
 a - a +2 animal skin (worn)
 d - a +0 leather armour
 h - a +0 plate armour
 l - a +0 pair of boots
 C - a +0 pair of gloves
Jewellery
 g - a +4 ring of protection (left hand)
 i - a +6 ring of intelligence (right hand)
 j - a +6 ring of intelligence
 k - an amulet of faith
 x - a ring of magical power
 E - a ring of ice
Talismans
 c - a beast talisman (active)
Wands
 t - a wand of flame (5)
 u - a wand of digging (5)
Scrolls
 f - a scroll of torment
 w - a scroll of teleportation
 y - a scroll of butterflies
Potions
 b - a potion of lignification
 e - 3 potions of brilliance
 m - a potion of ambrosia
 o - a potion of attraction
 r - 3 potions of curing
 z - a potion of enlightenment


   Skills:
 - Level 0.8 Fighting
 + Level 5.1 Dodging
 + Level 6.8 Stealth
 + Level 9.7 Unarmed Combat
 + Level 5.7 Shapeshifting


You had 7 spell levels left.
You didn't know any spells.
Your spell library contained the following spells:

 Spells                   Type           Power      Damage    Failure   Level
 Necrotise                Necr           0%         1d4       24%         1
 Sandblast                Erth           0%         2d4       24%         1
 Blink                    Tloc           0%         N/A       34%         2
 Ensorcelled Hibernation  Hex/Ice        0%         N/A       34%         2
 Lesser Beckoning         Tloc           0%         N/A       34%         2
 Momentum Strike          Conj/Tloc      0%         3d8       34%         2
 Passwall                 Tmut/Erth      0%         N/A       34%         2
 Sublimation of Blood     Necr           0%         N/A       34%         2
 Wereblood                Tmut           0%         N/A       34%         2
 Portal Projectile        Hex/Tloc       0%         N/A       56%         3
 Stone Arrow              Conj/Erth      0%         3d7       56%         3
 Swiftness                Air            0%         N/A       56%         3
 Tukima's Dance           Hex            0%         N/A       56%         3
 Vampiric Draining        Necr           0%         2d6       56%         3
 Vhi's Electric Charge    Tloc/Air       0%         N/A       56%         3
 Iskenderun's Mystic Bla  Conj/Tloc      0%         2d3       93%         4
 Agony                    Necr           0%         N/A       100%        5
 Arcjolt                  Conj/Air       0%         1d10      100%        5
 Plasma Beam              Fire/Air       0%         2x1d10    100%        6
 Summon Hydra             Summ           0%         N/A       100%        7


Dungeon Overview and Level Annotations

Branches:
Dungeon (6/15)             Temple (1/1) D:4

Altars:
Ashenzari
Cheibriados
Dithmenos
Fedhas
Gozag
Hepliaklqana
Kikubaaqudgha
Makhleb
Nemelex Xobeh
Okawaru
Qazlal
Ru
Sif Muna
Trog
Uskayaw
Vehumet
Wu Jian
Xom
Yredelemnul

Shops:
D:2 [


Innate Abilities, Weirdness & Mutations

You are a hulking beast.
Your limbs bulge with bestial killing power. (Slay +4)
Your natural rate of healing is accelerated.
You have razor-sharp teeth.
You have supernaturally acute eyesight. (SInv)
You are afflicted with vampirism and can become a bat while bloodless.
You are partially covered in large bone plates. (SH +4)
You are vulnerable to heat. (rF-)


Message History

The vampire mosquito draws strength from your injuries!
The vampire mosquito bites you!
The vampire mosquito draws strength from your injuries!
The vampire mosquito barely misses you.
You block the vampire mosquito's attack.
The vampire mosquito bites you!
* * * LOW HITPOINT WARNING * * *
The vampire mosquito draws strength from your injuries!
You block the vampire mosquito's attack.
You miss the vampire mosquito. Your bite misses the vampire mosquito.
The vampire mosquito is heavily damaged.
The vampire mosquito misses you.
The vampire mosquito bites you but does no damage.
You block the vampire mosquito's attack.
You punch the vampire mosquito!
The vampire mosquito is almost destroyed.
The vampire mosquito closely misses you.
The vampire mosquito bites you but does no damage. x2
The vampire mosquito bites you!
* * * LOW HITPOINT WARNING * * *
The vampire mosquito draws strength from your injuries!
The vampire mosquito closely misses you.
The vampire mosquito bites you.
* * * LOW HITPOINT WARNING * * *
The vampire mosquito draws strength from your injuries!
You feel much better. The vampire mosquito bites you.
The vampire mosquito draws strength from your injuries!
The vampire mosquito misses you. The vampire mosquito bites you!
* * * LOW HITPOINT WARNING * * *
The vampire mosquito draws strength from your injuries!
The vampire mosquito bites you.
* * * LOW HITPOINT WARNING * * *
The vampire mosquito draws strength from your injuries!
The vampire mosquito misses you. The vampire mosquito barely misses you.
You feel very mighty all of a sudden. The vampire mosquito bites you.
* * * LOW HITPOINT WARNING * * *
The vampire mosquito draws strength from your injuries!
The vampire mosquito bites you!
You die...

..............#....#
..............#....#
..............##...#
##########.....##'##
#.....#...#
#.....#...#
#.....#...#
#.....#...# ###
#yhy..###'##
#...#######y##......#
#......$.....#......#
#............#......#
#............#......#
#...##.......#......#
#.. #.......#......#
#........#......#
#........########


You could see 3 vampire mosquitoes.

Vanquished Creatures
  Grinder (D:3)
  A vampire mosquito (D:6)
  An ice beast (D:5)
  2 black bears
  An ogre (D:5)
  A centaur (D:6)
  A phantom (D:4)
  2 scorpions (D:5)
  5 wights (D:6)
  2 howler monkeys
  A quasit (D:4)
  2 hounds
  A jelly (D:5)
  An orc priest (D:3)
  3 iguanas (D:5)
  3 sleepcaps
  An orc wizard (D:5)
  Natasha (thrice) (D:3)
  4 adders
  4 shadow imps (D:4)
  3 white imps
  An ufetubus (D:6)
  A worm (D:2)
  16 orcs
  5 ball pythons
  5 bats
  4 endoplasms
  12 giant cockroaches
  6 goblins
  9 hobgoblins
  4 jackals (D:1)
  6 kobolds
  3 quokkas
  3 frilled lizards (D:1)
  6 rats
124 creatures vanquished.

Notes
Turn   | Place    | Note
-------+----------+-------------------------------------------
     0 | D:1      | CraigForest the Vampire Shapeshifter began the quest for
                  | the Orb.
     0 | D:1      | Reached XP level 1. HP: 14/14 MP: 1/1
    67 | D:1      | Reached XP level 2. HP: 20/20 MP: 2/2
   253 | D:1      | Reached skill level 1 in Stealth
   979 | D:2      | Gained mutation: You are afflicted with vampirism and can
                  | become a bat while bloodless. [Vampire growth]
   979 | D:2      | Reached XP level 3. HP: 25/25 MP: 3/3
  1107 | D:2      | Reached skill level 4 in Unarmed Combat
  1120 | D:2      | Found Usikahot's Armour Shop.
  1545 | D:3      | Noticed Grinder
  1554 | D:3      | HP: 1/25 [Grinder (1)]
  1556 | D:3      | Killed Grinder
  1557 | D:3      | Reached skill level 5 in Unarmed Combat
  1557 | D:3      | Reached XP level 4. HP: 3/31 MP: 4/4
  1557 | D:3      | Reached XP level 5. HP: 3/36 MP: 5/5
  1801 | D:3      | Found a shadowy altar of Dithmenos.
  1809 | D:3      | Became a worshipper of Dithmenos the Shadowed
  1874 | D:3      | Reached XP level 6. HP: 37/42 MP: 6/6
  2487 | D:3      | Noticed Natasha
  2496 | D:3      | Killed Natasha
  2836 | D:3      | Noticed Natasha
  2842 | D:3      | Killed Natasha
  2843 | D:3      | Reached skill level 6 in Unarmed Combat
  3219 | D:3      | Noticed Natasha
  3226 | D:3      | Killed Natasha
  3245 | D:3      | Gained mutation: You are vulnerable to heat. (rF-) [potion
                  | of mutation]
  3245 | D:3      | Gained mutation: You are partially covered in large bone
                  | plates. (SH +4) [potion of mutation]
  3434 | D:4      | Found a stormy altar of Qazlal.
  3540 | D:4      | Reached * piety under Dithmenos
  3583 | D:4      | Reached XP level 7. HP: 40/47 MP: 7/7
  3609 | D:4      | Found a staircase to the Ecumenical Temple.
  3612 | D:4      | Identified the +0 robe of Responsibility {rC+ Dex+3}
  3622 | Temple   | Entered the Ecumenical Temple
  3968 | D:4      | Reached skill level 7 in Unarmed Combat
  4116 | D:5      | Entered Level 5 of the Dungeon
  4139 | D:5      | Found a bloodstained altar of Trog.
  4151 | D:5      | Found a hide-covered altar of Uskayaw.
  4209 | D:5      | Reached skill level 5 in Stealth
  4209 | D:5      | Reached skill level 5 in Shapeshifting
  4224 | D:5      | Found a sacrificial altar of Ru.
  4518 | D:5      | Found a basalt altar of Yredelemnul.
  4540 | D:5      | Found a radiant altar of Vehumet.
  4557 | D:5      | Identified the +2 flail of the Pit {freeze, rN+}
  4619 | D:5      | Reached skill level 8 in Unarmed Combat
  4619 | D:5      | Reached XP level 8. HP: 53/53 MP: 8/8
  5468 | D:6      | Reached ** piety under Dithmenos
  5683 | D:6      | Reached skill level 9 in Unarmed Combat
  5910 | D:6      | Reached skill level 5 in Dodging
  5955 | D:6      | HP: 2/53 [vampire mosquito (2)]
  5957 | D:6      | Slain by a vampire mosquito

Illustrated notes

Levels and vault maps discovered:
D:1:      ebering_hopf_link, layout_basic, chequers_serial_rivers_small_a,
          minmay_small_reverse_x
D:2:      minmay_door_path, layout_basic, serial_shops, nicolae_shop_stone
D:3:      minmay_roachtagon, layout_loops_corners, mainiacjoe_overflow_paths,
          minmay_misc_feat_five, nicolae_underground_beach, uniq_grinder,
          uniq_natasha
D:4:      layout_loops_corners, kennysheep_little_box, temple_green,
          serial_demonic, serial_demonic_c, serial_demonic_c, serial_demonic_g,
          serial_demonic_g, serial_demonic_a, serial_demonic_f, serial_demonic_e
D:5:      layout_basic, grunt_temple_overflow_open, nicolae_overflow_squiral,
          hangedman_ru_absence, corexii_shack
D:6:      layout_gridville, portal_sewer_entry_e
Temple:   jpeg_temple_clearing

Skill      XL: |  1  2  3  4  5  6  7  8 |
---------------+-------------------------+-----
Stealth        | 1 2 3 4 5 6 |  6.8
Unarmed Combat | 5 6 8 9 |  9.7
Dodging        | 3 4 5 |  5.1
Shapeshifting  | 4 5 |  5.7
Fighting       | |  0.8

Action                     |  1- 3 |  4- 6 |  7- 9 || total
---------------------------+-------+-------+-------++-------
  Melee: Unarmed           |    86 |   116 |   162 ||   364
         Bite              |     5 |     7 |    20 ||    32
         Punch             |     3 |     4 |    10 ||    17
    Use: Scroll            |     4 |     7 |     5 ||    16
         Potion            |       |     1 |     2 ||     3
   Stab: Sleeping          |     4 |     7 |     8 ||    19
         Distracted        |       |       |     1 ||     1
 Armour: Animal skin       |    25 |    58 |    27 ||   110
  Dodge: Dodged            |    47 |    88 |   106 ||   241
  Block: Other             |       |     2 |    29 ||    31

Table legend: (Time is in decaauts)
 A = Elapsed time spent in this place.
 B = Non-inter-level travel time spent in this place.
 C = Inter-level travel time spent in this place.
 D = Time resting spent in this place.
 E = Time spent auto-exploring this place.
 F = Levels seen in this place.
 G = Mean time per level.
                   A        B        C        D        E       F      G
               +--------+--------+--------+--------+--------+-----+--------+
         Total |   5915 |   5794 |    121 |    200 |   3967 |   7 |  845.0 |
       Dungeon |   5913 |   5792 |    121 |    200 |   3967 |   6 |  985.5 |
        Temple |      1 |      1 |      0 |      0 |      0 |   1 |    1.0 |
               +--------+--------+--------+--------+--------+-----+--------+

Top non-repeatable levels by time:
     D:3: 1691 daAuts
     D:5: 1278 daAuts
     D:4: 863 daAuts
     D:1: 769 daAuts
     D:2: 768 daAuts
     D:6: 541 daAuts
  Temple: 1 daAuts
